XFBL
NEW YORK METS @ ATLANTA BRAVES
05/24/1982
 
TOP OF THE 1ST
New York Mets batting - Pitching for Atlanta Braves : RHP Gary Carter
Pitching: RHP Gary Carter
Batting: RHB Dave Concepcion 0-0: Called Strike
0-1: Foul Ball, location: 2F
0-2: Ball
1-2: Ball
2-2: Foul Ball, location: 2F
2-2: Ball
3-2: Ground out 6-3 (Groundball, 56, EV 85.6 MPH)
Batting: LHB Lyman Bostock 0-0: Ball
1-0: Ball
2-0: Ball
3-0: Fly out, F8 (Line Drive, 8LM, EV 92.5 MPH)
Batting: LHB John Kruk 0-0: Ground out U3 (Groundball, 34, EV 83.8 MPH)
Top of the 1st over - 0 runs, 0 hits, 0 errors, 0 left on base; New York 0 - Atlanta 0
BOTTOM OF THE 1ST
Atlanta Braves batting - Pitching for New York Mets : RHP Pete Redfern
Pitching: RHP Pete Redfern
Batting: LHB Brett Butler 0-0: Ball
1-0: Ball
2-0: Bunt missed!
2-1: Swinging Strike
2-2: Fly out, F5 (Popup, 5S, EV 50.0 MPH)
Batting: LHB Joe L Morgan 0-0: Ball
1-0: Called Strike
1-1: Foul Ball, location: 2F
1-2: Foul Ball, location: 2F
1-2: Ball
2-2: Foul Ball, location: 2F
2-2: Fly out, F7 (Flyball, 7LD, EV 89.4 MPH)
Batting: SHB Tony Fernandez 0-0: Ball
1-0: Ball
2-0: Ball
3-0: Base on Balls
Batting: LHB Karl Pagel 0-0: Foul Ball, location: 2F
0-1: Ball
1-1: Ball
2-1: Foul Ball, location: 2F
2-2: Ball
Tony Fernandez steals 2nd base
3-2: SINGLE (Line Drive, 5D, EV 106.3 MPH)
Tony Fernandez to third
Tony Fernandez scores
Batting: LHB Leon Durham 0-0: Foul Ball, location: 2F
0-1: Called Strike
0-2: Ground out 4-3 (Groundball, 34, EV 101.9 MPH)
Bottom of the 1st over - 1 run, 1 hit, 0 errors, 1 left on base; New York 0 - Atlanta 1
TOP OF THE 2ND
New York Mets batting - Pitching for Atlanta Braves : RHP Gary Carter
Batting: SHB Ken Singleton 0-0: Called Strike
0-1: Called Strike
0-2: Ball
1-2: Strikes out looking
Batting: RHB Garry Maddox 0-0: Called Strike
0-1: Ball
1-1: Called Strike
1-2: Ball
2-2: SINGLE (Groundball, 34D, EV 108.8 MPH)
Batting: RHB Ray Knight 0-0: Ball
1-0: Called Strike
1-1: Swinging Strike
1-2: Strikes out swinging
Batting: RHB Rick Burleson 0-0: Called Strike
0-1: Called Strike
0-2: Ball
1-2: Fly out, F8 (Line Drive, 8LM, EV 95.6 MPH)
Top of the 2nd over - 0 runs, 1 hit, 0 errors, 1 left on base; New York 0 - Atlanta 1
BOTTOM OF THE 2ND
Atlanta Braves batting - Pitching for New York Mets : RHP Pete Redfern
Batting: LHB Mike Hargrove 0-0: Ball
1-0: Ball
2-0: Called Strike
2-1: Ball
3-1: Fly out, F9 (Line Drive, 9, EV 90.6 MPH)
Batting: LHB Mike Scioscia 0-0: Foul Ball, location: 2F
0-1: SINGLE (Groundball, 3D, EV 99.4 MPH)
Batting: RHB Tom Veryzer 0-0: Ball
1-0: Swinging Strike
1-1: Swinging Strike
1-2: Foul Ball, location: 2F
1-2: Ball
2-2: Strikes out swinging
Batting: LHB Gary Carter Pickoff Throw to First - Error! E1
Mike Scioscia to second
0-0: Foul Ball, location: 2F
0-1: Foul Ball, location: 2F
0-2: Strikes out looking
Bottom of the 2nd over - 0 runs, 1 hit, 1 error, 1 left on base; New York 0 - Atlanta 1
TOP OF THE 3RD
New York Mets batting - Pitching for Atlanta Braves : RHP Gary Carter
Batting: LHB Terry Kennedy 0-0: Called Strike
0-1: Ball
1-1: Called Strike
1-2: Strikes out swinging
Batting: RHB Pete Redfern 0-0: Swinging Strike
0-1: Ball
1-1: Foul Ball, location: 2F
1-2: Ball
2-2: Foul Ball, location: 2F
2-2: Fly out, F5 (Line Drive, 5, EV 61.3 MPH)
Batting: RHB Dave Concepcion 0-0: Ball
1-0: Called Strike
1-1: Foul Ball, location: 2F
1-2: Ball
2-2: Ball
3-2: Foul Ball, location: 2F
3-2: Foul Ball, location: 2F
3-2: Base on Balls
Batting: LHB Lyman Bostock 0-0: Ball
1-0: Ball
2-0: Called Strike
2-1: Ball
3-1: Base on Balls
Dave Concepcion to second
Batting: LHB John Kruk 0-0: Fly out, F8 (Line Drive, 8LM, EV 98.1 MPH)
Top of the 3rd over - 0 runs, 0 hits, 0 errors, 2 left on base; New York 0 - Atlanta 1
BOTTOM OF THE 3RD
Atlanta Braves batting - Pitching for New York Mets : RHP Pete Redfern
Batting: LHB Brett Butler 0-0: Ball
1-0: Foul Ball, location: 2F
1-1: Called Strike
1-2: Ball
2-2: Ball
3-2: Base on Balls
Batting: LHB Joe L Morgan 0-0: Ball
1-0: Ball
2-0: Ball
3-0: Base on Balls
Brett Butler to second
Batting: SHB Tony Fernandez 0-0: Called Strike
0-1: Foul Ball, location: 2F
0-2: Fly out, F8 (Line Drive, 8RM, EV 98.1 MPH)
Batting: LHB Karl Pagel 0-0: Called Strike
Joe L Morgan steals 2nd base
Brett Butler steals 3rd base
0-1: SINGLE (Flyball, 6D, EV 89.4 MPH)
Brett Butler scores
Joe L Morgan to third
Runner from 3rd tries for Home, SAFE, throw by CF to home
Batting: LHB Leon Durham 0-0: Ball
1-0: Ball
2-0: Foul Ball, location: 2F
2-1: Fly out, F7 (Line Drive, 7, EV 98.1 MPH)
Batting: LHB Mike Hargrove 0-0: Called Strike
0-1: Foul Ball, location: 2F
0-2: Ball
1-2: Foul Ball, location: 2F
1-2: Ball
2-2: Foul Ball, location: 2F
2-2: Foul Ball, location: 2F
2-2: Fly out, F6 (Popup, 6M, EV 56.3 MPH)
Bottom of the 3rd over - 2 runs, 1 hit, 0 errors, 1 left on base; New York 0 - Atlanta 3
TOP OF THE 4TH
New York Mets batting - Pitching for Atlanta Braves : RHP Gary Carter
Pitching: RHP Migel Puente
Now at 1B: Guy Sularz
Batting: SHB Ken Singleton 0-0: Ball
1-0: Called Strike
1-1: Ball
2-1: Called Strike
2-2: Ball
3-2: DOUBLE (Line Drive, 78M, EV 96.9 MPH)
Batting: RHB Garry Maddox 0-0: Ball
1-0: Called Strike
1-1: Foul Ball, location: 2F
1-2: Foul Ball, location: 2F
1-2: SINGLE (Line Drive, 7S, EV 103.8 MPH)
Ken Singleton to third
Runner from 3rd tries for Home, SAFE, throw by LF to home
Batting: RHB Ray Knight 0-0: Ball
1-0: Called Strike
1-1: Swinging Strike
1-2: Strikes out swinging
Batting: RHB Rick Burleson 0-0: Fly out, F1 (Line Drive, P, EV 77.5 MPH)
Batting: LHB Terry Kennedy 0-0: Ball
1-0: Ball
Garry Maddox steals 2nd base
2-0: Ball
3-0: Called Strike
3-1: Swinging Strike
3-2: Ground out 3-1 (Groundball, 34S, EV 85.6 MPH)
Top of the 4th over - 1 run, 2 hits, 0 errors, 1 left on base; New York 1 - Atlanta 3
BOTTOM OF THE 4TH
Atlanta Braves batting - Pitching for New York Mets : RHP Pete Redfern
Batting: LHB Mike Scioscia 0-0: Ball
1-0: Ball
2-0: Foul Ball, location: 2F
2-1: Foul Ball, location: 2F
2-2: Reached on error, E4 (Groundball, 4S, EV 82.5 MPH)
Batting: RHB Tom Veryzer 0-0: Ball
1-0: Foul Ball, location: 2F
1-1: Fly out, F7 (Flyball, 78S, EV 88.1 MPH)
Batting: RHB Guy Sularz 0-0: Ball
1-0: Ball
2-0: DOUBLE (Groundball, 5L, EV 106.3 MPH)
Mike Scioscia scores
Batting: LHB Brett Butler 0-0: Called Strike
0-1: Called Strike
0-2: Ball
1-2: Ball
2-2: Foul Ball, location: 2F
2-2: Fly out, F1 (Line Drive, P, EV 67.5 MPH)
Batting: LHB Joe L Morgan 0-0: Called Strike
0-1: Foul Ball, location: 2F
0-2: Ground out 1-3 (Groundball, 34S, EV 68.1 MPH)
Bottom of the 4th over - 1 run, 1 hit, 1 error, 1 left on base; New York 1 - Atlanta 4
TOP OF THE 5TH
New York Mets batting - Pitching for Atlanta Braves : RHP Migel Puente
Batting: RHB Pete Redfern 0-0: Ball
1-0: Called Strike
1-1: Foul Ball, location: 2F
1-2: Ball
2-2: Strikes out looking
Batting: RHB Dave Concepcion 0-0: Ball
1-0: SINGLE (Groundball, 4MD, EV 104.4 MPH)
Batting: LHB Lyman Bostock 0-0: Called Strike
0-1: Fielders Choice at 2nd, 1-6 (Groundball, 13S, EV 73.1 MPH)
Batting: LHB John Kruk 0-0: Ball
1-0: Ground out 4-3 (Groundball, 34, EV 83.8 MPH)
Top of the 5th over - 0 runs, 1 hit, 0 errors, 1 left on base; New York 1 - Atlanta 4
BOTTOM OF THE 5TH
Atlanta Braves batting - Pitching for New York Mets : RHP Pete Redfern
Batting: SHB Tony Fernandez 0-0: Called Strike
0-1: Ball
1-1: Fly out, F8 (Flyball, 8RD, EV 87.5 MPH)
Batting: LHB Karl Pagel 0-0: Foul Ball, location: 2F
0-1: Called Strike
0-2: Ball
1-2: Ball
2-2: Ball
3-2: Fly out, F8 (Line Drive, 8RXD, EV 96.3 MPH)
Batting: LHB Leon Durham 0-0: Ball
1-0: Foul Ball, location: 2F
1-1: Ball
2-1: DOUBLE (Line Drive, 7LM, EV 108.8 MPH)
Pinch Hitting: LHB Bobby Murcer 0-0: Swinging Strike
0-1: Foul Ball, location: 2F
0-2: Ball
1-2: Ball
2-2: Fly out, F8 (Flyball, 8LM, EV 95.0 MPH)
Bottom of the 5th over - 0 runs, 1 hit, 0 errors, 1 left on base; New York 1 - Atlanta 4
TOP OF THE 6TH
New York Mets batting - Pitching for Atlanta Braves : RHP Migel Puente
Pitching: LHP Scott McGregor
Batting: SHB Ken Singleton 0-0: Fly out, F8 (Flyball, 8RD, EV 103.8 MPH)
Batting: RHB Garry Maddox 0-0: Fly out, F7 (Flyball, 7D, EV 95.6 MPH)
Batting: RHB Ray Knight 0-0: Called Strike
0-1: Ball
1-1: Called Strike
1-2: Ball
2-2: Fly out, F7 (Line Drive, 7, EV 97.5 MPH)
Top of the 6th over - 0 runs, 0 hits, 0 errors, 0 left on base; New York 1 - Atlanta 4
BOTTOM OF THE 6TH
Atlanta Braves batting - Pitching for New York Mets : RHP Pete Redfern
Batting: LHB Mike Scioscia 0-0: Ball
1-0: SINGLE (Groundball, 4MD, EV 102.5 MPH)
Batting: RHB Tom Veryzer 0-0: Called Strike
Mike Scioscia steals 2nd base
0-1: Ball
1-1: Foul Ball, location: 2F
1-2: Foul Ball, location: 2F
1-2: Ball
2-2: Strikes out swinging
Pitching: LHP Rich Wortham
Now at 3B: Bill Almon
Batting: RHB Guy Sularz 0-0: Ball
1-0: Called Strike
1-1: Ground out 5-3 (Groundball, 56, EV 84.4 MPH)
Batting: LHB Brett Butler 0-0: Ball
1-0: Ball
2-0: Ball
3-0: Called Strike
3-1: Foul Ball, location: 2F
3-2: Foul Ball, location: 2F
3-2: Base on Balls
Batting: LHB Joe L Morgan 0-0: Ball
Wild Pitch!
Mike Scioscia to third
Brett Butler to second
1-0: Called Strike
1-1: Foul Ball, location: 2F
1-2: Ball
2-2: Foul Ball, location: 2F
2-2: Foul Ball, location: 2F
2-2: Fly out, F8 (Flyball, 78D, EV 89.4 MPH)
Bottom of the 6th over - 0 runs, 1 hit, 0 errors, 2 left on base; New York 1 - Atlanta 4
TOP OF THE 7TH
New York Mets batting - Pitching for Atlanta Braves : LHP Scott McGregor
Batting: RHB Rick Burleson 0-0: Called Strike
0-1: SINGLE (Line Drive, 8RS, EV 103.1 MPH)
Batting: LHB Terry Kennedy 0-0: SINGLE (Groundball, 6MD, EV 98.8 MPH)
Rick Burleson to second
Runner from 2nd tries for 3rd, SAFE, no throw by CF
Batting: RHB Bill Almon 0-0: Called Strike
0-1: Ball
1-1: Fly out, F5 (Popup, 56, EV 67.5 MPH)
Batting: RHB Dave Concepcion 0-0: Ball
1-0: Swinging Strike
1-1: Ball
2-1: Called Strike
2-2: Strikes out swinging
Batting: LHB Lyman Bostock 0-0: Foul Ball, location: 2F
0-1: Foul Ball, location: 2F
0-2: Ball
1-2: Ball
2-2: Ball
Wild Pitch!
Rick Burleson scores
Terry Kennedy to second
3-2: Strikes out swinging
Top of the 7th over - 1 run, 2 hits, 0 errors, 1 left on base; New York 2 - Atlanta 4
BOTTOM OF THE 7TH
Atlanta Braves batting - Pitching for New York Mets : LHP Rich Wortham
Batting: SHB Tony Fernandez 0-0: Ground out 4-3 (Groundball, 4S, EV 61.9 MPH)
Batting: LHB Karl Pagel 0-0: Foul Ball, location: 2F
0-1: Ball
1-1: Called Strike
1-2: Ball
2-2: Strikes out swinging
Batting: LHB Leon Durham 0-0: Ball
1-0: Fly out, F9 (Flyball, 9LS, EV 77.5 MPH)
Bottom of the 7th over - 0 runs, 0 hits, 0 errors, 0 left on base; New York 2 - Atlanta 4
TOP OF THE 8TH
New York Mets batting - Pitching for Atlanta Braves : LHP Scott McGregor
Batting: LHB John Kruk 0-0: Foul Ball, location: 2F
0-1: Foul Ball, location: 2F
0-2: Ball
1-2: Ball
2-2: Ground out 3-1 (Groundball, 34S, EV 84.4 MPH)
Batting: SHB Ken Singleton 0-0: Called Strike
0-1: Foul Ball, location: 2F
0-2: Ball
1-2: Foul Ball, location: 2F
1-2: Ball
2-2: DOUBLE (Line Drive, 7LM, EV 91.9 MPH)
Batting: RHB Garry Maddox 0-0: Called Strike
0-1: Foul Ball, location: 2F
0-2: Ball
1-2: Ball
2-2: Ball
3-2: Strikes out swinging
Pinch Hitting: RHB Gary Redus 0-0: Called Strike
0-1: Ball
1-1: Swinging Strike
1-2: Ground out 6-3 (Groundball, 6, EV 87.5 MPH)
Top of the 8th over - 0 runs, 1 hit, 0 errors, 1 left on base; New York 2 - Atlanta 4
BOTTOM OF THE 8TH
Atlanta Braves batting - Pitching for New York Mets : LHP Rich Wortham
Pitching: LHP William Scholl
Pinch Hitting: SHB UL Washington 0-0: Called Strike
0-1: Swinging Strike
0-2: Foul Ball, location: 2F
0-2: SINGLE (Line Drive, 34D, EV 96.3 MPH)
Batting: LHB Mike Scioscia 0-0: Fielders Choice at 2nd, 5-4 (Groundball, 56, EV 80.6 MPH)
Batting: RHB Tom Veryzer 0-0: Ball
1-0: Fielders Choice at 2nd, 6-4 (Groundball, 56, EV 106.9 MPH)
Batting: RHB Guy Sularz 0-0: Ball
1-0: Called Strike
Tom Veryzer steals 2nd base (no throw)
1-1: Called Strike
1-2: Fly out, F4 (Flyball, 34D, EV 93.8 MPH)
Bottom of the 8th over - 0 runs, 1 hit, 0 errors, 1 left on base; New York 2 - Atlanta 4
TOP OF THE 9TH
New York Mets batting - Pitching for Atlanta Braves : LHP Scott McGregor
Pitching: LHP Wilbur Wood
Now at 2B: UL Washington
Now in RF: Gil Flores
Batting: RHB Rick Burleson 0-0: DOUBLE (Line Drive, 78M, EV 103.1 MPH)
Pinch Hitting: RHB Jason Sickman 0-0: Ball
1-0: Fly out, F3 (Popup, 3, EV 73.1 MPH)
Batting: RHB Bill Almon 0-0: Swinging Strike
0-1: Ball
1-1: Ball
2-1: Ground out 5-3 (Groundball, 5, EV 82.5 MPH)
Batting: RHB Dave Concepcion 0-0: Ball
1-0: Swinging Strike
1-1: Ball
2-1: Foul Ball, location: 2F
2-2: Fly out, F3 (Line Drive, 3, EV 67.5 MPH)
Top of the 9th over - 0 runs, 1 hit, 0 errors, 1 left on base; New York 2 - Atlanta 4
Monday, August 3rd, 2020 - OOTP Baseball 21.5 Build 76